 Dungeon Crawl Stone Soup version 0.24-a0-250-g6074511 (webtiles) character file.

Game seed: 7367696441294725943

470 Borgoz the Cutter (level 7, -2/44 HPs)
             Began as a Kobold Gladiator on Apr 14, 2019.
             Slain by an orc
             ... wielding a cursed -2 falchion
              (3 damage)
             ... on level 5 of the Dungeon.
             The game lasted 00:04:56 (3848 turns).

Borgoz the Cutter (Kobold Gladiator)                Turns: 3848, Time: 00:04:57

Health: -2/44      AC: 11    Str: 14    XL:     7   Next: 31%
Magic:  7/7        EV: 11    Int:  9    God:
Gold:   190        SH:  0    Dex: 16    Spells: 6/6 levels left

rFire    . . .     SeeInvis .   b - +1 dagger (elec)
rCold    . . .     Gourm    .   (shield restricted)
rNeg     . . .     Faith    .   e - +0 chain mail (curse)
rPois    .         Spirit   .   c - +0 helmet
rElec    .         Reflect  .   g - +0 cloak
rCorr    .         Harm     .   (no gloves)
MR       .....                  (no boots)
Stlth    ..........             (no amulet)
HPRegen  0.14/turn              n - ring of attention (curse)
MPRegen  0.10/turn              p - ring of wizardry

@: slowed, very slow
A: small, carnivore
a: no special abilities


You were on level 5 of the Dungeon.
You were completely stuffed.

You visited 1 branch of the dungeon, and saw 5 of its levels.

You collected 190 gold pieces.

Inventory:

Hand Weapons
 a - a +0 rapier
 b - a +1 dagger of electrocution (weapon)
Missiles
 d - 2 throwing nets (quivered)
Armour
 c - a +0 helmet (worn)
 e - a cursed +0 chain mail (worn)
 g - a +0 cloak (worn)
Jewellery
 n - a cursed ring of attention (left hand)
 p - a ring of wizardry (right hand)
Wands
 j - a wand of enslavement (7)
 s - a wand of scattershot (5)
Scrolls
 h - 2 scrolls of noise {unknown}
 l - 4 scrolls of remove curse {unknown}
 t - a scroll of fog {unknown}
Potions
 i - 2 potions of curing {unknown}
 k - a potion of agility
 m - a potion of berserk rage
 o - a potion of flight {unknown}
 r - a potion of might
Comestibles
 f - 11 rations


   Skills:
 + Level 4.4 Fighting
 + Level 6.2 Short Blades
 - Level 2.1 Throwing
 + Level 2.6 Armour
 + Level 5.5 Dodging


You had 6 spell levels left.
You didn't know any spells.
Your spell library was empty.

Dungeon Overview and Level Annotations

Branches:
Dungeon (5/15)
 Temple: D:4-7

Altars:

Shops:
D:4 %


Innate Abilities, Weirdness & Mutations

You are small and have problems with some larger weapons.
You are carnivorous and can eat meat at any time.


Message History

The orc wizard blinks!
The orc hits you but does no damage.
You hit the orc but do no damage.
Your chain mail prevents you from hitting the orc.
The orc hits you but does no damage. The orc misses you.
You barely miss the orc. The orc hits you but does no damage.
You are electrocuted!!
You are too injured to fight recklessly!
You are too injured to fight recklessly!
You are too injured to fight recklessly!
You hit the orc.
The orc is heavily wounded.
The orc hits you but does no damage. x2; You are electrocuted!!
* * * LOW HITPOINT WARNING * * *
All of the chunks of flesh in your inventory have rotted away.
You hit the orc. Lightning courses through the orc!
You kill the orc!
The orc wizard casts a spell at you.
You feel yourself slow down.
The orc hits you with a cursed -2 falchion.
You die...

..............
.............#
.............#
.......o.....#
#............#
#...........#
#....)o....#
#....@)....#
##...:...###
#....####
#.....#.##
...####..#######
## #........#
##........###
.#######
##...........###
##.......
#..........#...###


You could see an orc wizard and an orc.

Vanquished Creatures
  An ogre (D:4)
  A scorpion (D:4)
  A hound (D:4)
  An orc priest (D:3)
  2 orc wizards
  An iguana (D:4)
  4 gnolls (D:3)
  6 adders
  A worm (D:3)
  3 dart slugs
  A leopard gecko (D:2)
  19 orcs
  6 giant cockroaches
  4 goblins
  11 hobgoblins
  2 ball pythons
  3 bats
  2 frilled lizards
  8 kobolds
  3 rats
80 creatures vanquished.

Notes
Turn   | Place    | Note
-------+----------+-------------------------------------------
     0 | D:1      | Borgoz the Kobold Gladiator began the quest for the Orb.
     0 | D:1      | Reached XP level 1. HP: 12/12 MP: 1/1
   209 | D:1      | Reached XP level 2. HP: 15/18 MP: 2/2
   717 | D:2      | Found a faded altar of an unknown god.
   776 | D:2      | Reached XP level 3. HP: 7/22 MP: 3/3
  1128 | D:2      | Reached skill level 1 in Armour
  1753 | D:3      | Reached XP level 4. HP: 23/27 MP: 4/4
  1919 | D:3      | Reached skill level 5 in Short Blades
  1919 | D:3      | Reached XP level 5. HP: 17/32 MP: 5/5
  2606 | D:4      | Noticed an ogre
  2628 | D:4      | Reached XP level 6. HP: 27/37 MP: 6/6
  2642 | D:4      | Killed an ogre
  2642 | D:4      | Reached skill level 5 in Dodging
  2917 | D:4      | Reached skill level 6 in Short Blades
  2917 | D:4      | Reached XP level 7. HP: 30/43 MP: 7/7
  3600 | D:4      | Found Uforruj's Food Shop.
  3781 | D:5      | Entered Level 5 of the Dungeon
  3847 | D:5      | HP: 1/44 [orc/+2 dagger of electrocution (20)]
  3848 | D:5      | Slain by an orc

Levels and vault maps discovered:
D:1:      erik_arrival_blinker_ship, layout_basic
D:2:      layout_loops_ring, chequers_ecumenical_altar_island
D:3:      layout_basic, first_ration, chequers_serial_rivers_marsh
D:4:      layout_rooms, serial_shops, shop
D:5:      layout_cave_pods, fedhas_altar_4, gup_sewer_entry_spiral,
          uniq_grinder, uniq_edmund

Skill      XL: |  1  2  3  4  5  6 |
---------------+-------------------+-----
Dodging        | 4 5 |  5.5
Armour         | 1 2 |  2.6
Fighting       | 3 4 |  4.4
Short Blades   | 5 6 |  6.2
Throwing       | |  2.1

Action                   |  1- 3 |  4- 6 |  7- 9 || total
-------------------------+-------+-------+-------++-------
Melee: Rapier            |    64 |       |       ||    64
       Dagger            |    36 |   155 |    63 ||   254
Throw: Throwing net      |     2 |     1 |       ||     3
  Use: Potion            |     3 |       |       ||     3
       Scroll            |     1 |     1 |       ||     2
  Eat: Chunk             |    11 |     4 |     3 ||    18
Armor: Chain mail        |    65 |    48 |    25 ||   138
Dodge: Dodged            |    53 |    58 |    29 ||   140

Table legend:
 A = Non-vault XP
 B = Vault XP
 C = Vault XP percentage of total XP
 D = Non-vault monster count
 E = Vault monster count
 F = Vault count percentage of total count
                 A         B        C        D         E       F
            +---------+---------+-------+---------+---------+-------
      Total |     672 |       0 |   0.0 |      80 |       0 |   0.0
            +---------+---------+-------+---------+---------+-------
        D:1 |      15 |       0 |   0.0 |       9 |       0 |   0.0
        D:2 |      50 |       0 |   0.0 |      13 |       0 |   0.0
        D:3 |     260 |       0 |   0.0 |      44 |       0 |   0.0
        D:4 |     335 |       0 |   0.0 |      10 |       0 |   0.0
        D:5 |      12 |       0 |   0.0 |       4 |       0 |   0.0
            +---------+---------+-------+---------+---------+-------
